Unix NetHack Version 5.0.0-0 post-release - last build May 23 2026 06:08:33 (1c0ff79ee797540d5714e4e18072db0edd9e58ae,branch:main).

Game began 2026-05-25 10:53:38, ended 2026-05-25 13:09:12.

Japes, lawful female human Valkyrie

                                              #  0#** * 0*     ----
                                      ---    #*0##*## #* *#  ---..--
   -------         ---              ---.----.-........ # .-.--.....|
   |.....--  ---- --.|--------------|..................--|.........------
 ---......----..---..|...|...|..|[!=|....................|.......%..--..--
 |...................|...|...|..|)=.|................-...|.......%@......---
 |...................--|---|-|..|[..|..-----.............|.......d.........--
 --....|....>....---.........-|---|--..| ((|--|...|.........................|
 --...---....---..--.-----.............-.((|  |......d.........--...........|
 |....| |....| --....|...|...-+--......|.((|  |---|.......@...------........|
 |..-----....-- --...|...-...|  |...{..------+|(!%|...-..-..---    |........|
 |--| --......|  --..|...|...|  |.............|.((|...+....-|      ---.--..--
--..---...----- ---..-------------|---.....-+-|...|...|..|..----     ---|.--
|.........|    --....................|-|-..|  |-|--...----...|.---   --.|.|
--........-- ---.....--------....----| .|..|  |........|.........| ---....--
--.........---.......|......|....-.%.| .|..----.....#..|.........---..---..---
|.....--.............|._....-....|.%%|  |........)....-|.....--......-- --...--
--..---|..........|..|......|....--------.....#....|..--...-.--......-------..|
 ----  --........-----------|.....................-|.........................^|
        --..|..---          -------------------..---------.|..-------------..--
         -------                              ----       ------           ----
Japes the Fighter           St:18/02 Dx:12 Co:17 In:7 Wi:10 Ch:10  Lawful
Dlvl:7  $:297 HP:0(60) Pw:21(21) AC:3  Xp:7/675 T:3866  Weak    

Latest messages:
 You finish your prayer.
 You feel that Tyr is well-pleased.
 You feel much better.
 You hit the wolf!
 The wolf bites!
 The wolf bites!
 The wolf bites!
 You miss the wolf.
 The wolf misses!
 The wolf bites!
 The wolf misses!
 You hit the wolf!
 The wolf bites!
 The wolf bites!
 The wolf bites!
 You kill the wolf!
 Welcome to experience level 7.
 You feel quick!
 The wolf misses!
 The wolf bites!
 You climb up the stairs.
 Your lamp flickers considerably.
 Your lamp seems about to go out.
 Valkyrie needs food, badly!
 You stop searching.
 You descend the stairs.
 The wolf bites!
 The wolf bites!
 You hit the wolf!
 The wolf bites!
 The wolf bites!
 You hit the wolf!
 You miss the wolf.
 The wolf bites!
 The wolf bites!
 You miss the wolf.
 The wolf bites!
 The wolf bites!
 You kill the wolf!
 The wolf bites!
 You hit the wolf!
 The wolf bites!
 What do you want to use or apply? [goxFHIMVX or ?*]
 In what direction?
 Status of the wolf (neutral, medium):  Level 5  HP 12(22)  AC 4.
 You hit the wolf!
 The wolf bites!
 You die...
 Do you want your possessions identified? [ynq] (y)
 Do you want to see your attributes? [ynq] (y)

Inventory:
 Coins    ('$')
  $ - 297 gold pieces
 Weapons  (')')
  z - 8 +0 arrows
  A - a +0 bow
  J - 12 +0 darts
  b - 13 +0 daggers (alternate weapons; not wielded)
  m - 2 +0 orcish daggers
  a - a +1 spear (weapon in right hand)
 Armor    ('[')
  w - an uncursed +0 orcish helm (being worn)
  n - an uncursed +0 pair of iron shoes (being worn)
  G - an uncursed +0 pair of iron shoes
  c - an uncursed +3 small shield (being worn)
  O - a blessed +0 dwarvish cloak (being worn)
 Comestibles  ('%')
  B - 2 uncursed tripe rations
 Scrolls  ('?')
  T - 4 uncursed scrolls of blank paper
  U - a cursed scroll of blank paper
  y - an uncursed scroll of identify
  l - 2 uncursed scrolls of light
  q - an uncursed scroll of teleportation
 Potions  ('!')
  u - an uncursed potion of extra healing
  j - an uncursed potion of gain energy
  f - an uncursed potion of gain level
  d - an uncursed potion of invisibility
  N - an uncursed potion of paralysis
  r - an uncursed potion of water
 Rings    ('=')
  k - an uncursed ring of polymorph control (on right hand)
 Wands    ('/')
  g - a wand of light (0:13)
  X - a wand of striking (0:5)
 Tools    ('(')
  I - an uncursed wooden flute
  M - an uncursed oil lamp (lit)
  x - a +0 pick-axe
  H - a +0 pick-axe
  V - an uncursed stethoscope
  F - an uncursed tallow candle
  o - an uncursed towel
 Gems/Stones  ('*')
  Z - an uncursed chrysoberyl stone
  i - an uncursed emerald
  Y - an uncursed worthless piece of green glass
  E - an uncursed worthless piece of red glass
  C - 2 uncursed worthless pieces of white glass
  R - an uncursed worthless piece of yellow glass
  D - an uncursed worthless piece of yellowish brown glass

Japes the Valkyrie's attributes:

Background:
 You were a Fighter, a level 7 human Valkyrie.
 You were lawful, on a mission for Tyr
 who was opposed by Odin (neutral) and Loki (chaotic).
 You were right-handed.
 You were in the Gnomish Mines, on level 7.
 You entered the dungeon 3866 turns ago.
 You had 675 experience points, 605 more were needed to attain level 8.

Basics:
 You had 0 out of 60 hit points.
 You had all 21 energy points (spell power).
 Your armor class was 3.
 Your wallet contained 297 zorkmids.
 Autopickup was on for '$' plus thrown.

Final Characteristics:
 Your strength was 18/02 (base:18/03, limit:18/100).
 Your dexterity was 12 (limit:18).
 Your constitution was 17 (limit:18).
 Your intelligence was 7 (limit:18).
 Your wisdom was 10 (limit:18).
 Your charisma was 10 (limit:18).

Final Status:
 You were weak from severe hunger.
 You were unencumbered.
 You were wielding a spear.
 You had basic skill with spear and could have enhanced that.

Final Attributes:
 You were piously aligned.
 Your items were somewhat protected from fire.
 You were cold resistant.
 Your items were somewhat protected from cold.
 You were stealthy.
 You were warded.
 You had polymorph control.
 You were fast.
 You are dead.

Miscellaneous:
 You didn't encounter any bones levels.
 Total elapsed playing time was 1 hour, 24 minutes and 34 seconds.

Major events:
 Turn
    1: Japes the lawful human Valkyrie entered the dungeon
  949: attained the rank of Skirmisher (level 3)
 1761: entered the Gnomish Mines
 2763: attained the rank of Fighter (level 6)
 2909: reached Mine Town
 3866: killed by a wolf

You didn't know any spells.

Skills:
 Fighting Skills
   bare handed combat [Unskilled]
   two weapon combat  [Unskilled]
   riding             [Unskilled]
 Weapon Skills
   dagger             [Basic]
   axe                [Unskilled]
   pick-axe           [Unskilled]
   short sword        [Unskilled]
   broadsword         [Unskilled]
   long sword         [Unskilled]
   two-handed sword   [Unskilled]
   saber              [Unskilled]
   hammer             [Unskilled]
   quarterstaff       [Unskilled]
   polearms           [Unskilled]
   spear              [Basic]
   trident            [Unskilled]
   lance              [Unskilled]
   sling              [Unskilled]
 Spellcasting Skills
   attack spells      [Unskilled]
   escape spells      [Unskilled]

Voluntary challenges:
 Character rerolling was not enabled.
 You never genocided any monsters.
 You never polymorphed an object.
 You never changed form.
 You used no wishes.
Achievements:
 You attained the rank of Skirmisher.
 You entered a shop.
 You entered the Gnomish Mines.
 You attained the rank of Fighter.
 You entered Minetown.
 You entered a temple.

 The Dungeons of Doom: levels 1 to 4
    Level 1:
       An altar to Tyr.
    Level 2:
       A general store, some fountains, a grave.
    Level 3:
       Stairs down to The Gnomish Mines.
    Level 4:
 The Gnomish Mines: levels 4 to 7
    Level 4:
    Level 5:
    Level 6:
    Level 7: <- You were here.
       Many shops, a temple and an altar, some fountains, some trees.
       Final resting place for
          you, killed by a wolf.


Vanquished creatures:
  a large mimic
  a small mimic
  2 wolves
  a dwarf leader
  a pony
  a fog cloud
  5 gnome leaders
  a straw golem
  2 paper golems
  3 dwarves
  a homunculus
  a kobold leader
  3 iguanas
  a gas spore
 18 manes
  2 large kobolds
  a giant rat
  a cave spider
  a brown mold
  a green mold
 25 gnomes
  a garter snake
  a gecko
  2 jackals
  a fox
  2 kobolds
  3 goblins
  2 sewer rats
  4 grid bugs
  7 lichens
  8 newts
104 creatures vanquished.

No species were genocided or became extinct.

Game over:
                       ----------
                      /          \
                     /    REST    \
                    /      IN      \
                   /     PEACE      \
                  /                  \
                  |      Japes       |
                  |      297 Au      |
                  | killed by a wolf |
                  |                  |
                  |                  |
                  |                  |
                  |       2026       |
                 *|     *  *  *      | *
        _________)/\\_//(\/(/\)/\//\/|_)_______

Farvel Japes the Valkyrie...

You died in The Gnomish Mines on dungeon level 7 with 3288 points,
and 297 pieces of gold, after 3866 moves.
You were level 7 with a maximum of 60 hit points when you died.

